Map: Cactus Valley LE (Void)

Players

MaNa - Winner!

  • Race: Protoss Protoss
  • Spawn Location: 11:00

PtitDrogo

  • Race: Protoss Protoss
  • Spawn Location: 5:00

Event: IEM XI Katowice - World Championship 2017

VOD

Have the link to the VOD?

Description

Time

  • Played on: Feb. 28, 2017, 12:42 p.m.
  • Length: 7:07

All games in this series

Show
View Real Time Build Order
Export as new Build Order

MaNa Protoss - Winner!

Build Orders:  

Get SALT Encoding   

  12  0:00  Probe (Chrono Boost)  
  13  0:11  Probe (Chrono Boost)  
  14  0:17  Pylon  
  14  0:22  Probe (Chrono Boost)  
  16  0:35  Probe (Chrono Boost)  
  16  0:37  Gateway  
  16  0:44  Assimilator  
  16  0:46  Probe (Chrono Boost)  
  17  0:52  Assimilator  
  17  0:56  Probe (Chrono Boost)  
  18  1:07  Probe (Chrono Boost)  
  18  1:08  Gateway  
  19  1:18  Probe (Chrono Boost)  
  20  1:24  Cybernetics Core  
  20  1:28  Probe (Chrono Boost)  
  21  1:33  Pylon  
  21  1:39  Probe (Chrono Boost)  
  22  1:49  Probe (Chrono Boost)  
  23  1:56  Warp Gate  
  23  2:00  Stalker x2  
  27  2:26  Mothership Core (Chrono Boost)  
  29  2:30  Pylon  
  29  2:43  Stalker  
  29  2:44  Stalker  
  34  2:51  Probe (Chrono Boost)  
  34  3:03  Nexus  
  34  3:11  Sentry  
  34  3:14  Sentry  
  38  3:24  Robotics Facility  
  38  3:34  Pylon, Probe (Chrono Boost)  
  37  3:54  Gateway  
  37  3:58  Stalker x2  
  41  4:12  Immortal  
  45  4:22  Adept  
  45  4:24  Adept  
  47  4:36  Probe (Chrono Boost)  
  47  4:38  Probe (Chrono Boost)  
  49  4:46  Immortal  
  49  4:48  Probe (Chrono Boost)  
  49  4:52  Probe (Chrono Boost)  
  55  4:59  Probe (Chrono Boost)  
  56  5:04  Probe (Chrono Boost)  
  56  5:06  Pylon  
  57  5:07  Sentry  
  57  5:08  Sentry  
  57  5:12  Probe (Chrono Boost)  
  62  5:21  Pylon  
  62  5:24  Probe (Chrono Boost)  
  62  5:26  Probe (Chrono Boost), Warp Prism  
  64  5:35  Probe (Chrono Boost)  
  67  5:44  Adept x2  
  67  5:47  Adept  
  74  5:50  Probe (Chrono Boost)  
  74  5:55  Probe (Chrono Boost)  
  75  5:58  Pylon  
  75  6:02  Probe (Chrono Boost)  
  76  6:05  Twilight Council  
  76  6:07  Probe (Chrono Boost)  
  77  6:14  Probe (Chrono Boost)  
  78  6:20  Adept x3  
  81  6:52  Stalker x2  
  81  6:53  Stalker  
Show
View Real Time Build Order
Export as new Build Order

PtitDrogo Protoss 

Build Orders:  

Get SALT Encoding   

  12  0:00  Probe (Chrono Boost)  
  13  0:11  Probe (Chrono Boost)  
  14  0:17  Pylon  
  14  0:22  Probe (Chrono Boost)  
  15  0:36  Gateway, Probe (Chrono Boost)  
  15  0:41  Assimilator  
  16  0:46  Probe (Chrono Boost)  
  17  0:56  Assimilator  
  18  0:57  Probe (Chrono Boost)  
  18  1:07  Probe (Chrono Boost)  
  18  1:08  Gateway  
  19  1:18  Probe (Chrono Boost)  
  20  1:24  Cybernetics Core  
  20  1:28  Probe (Chrono Boost)  
  20  1:30  Pylon  
  21  1:39  Probe (Chrono Boost)  
  22  1:46  Warp Gate  
  22  1:50  Probe (Chrono Boost)  
  23  2:00  Stalker  
  23  2:01  Stalker  
  27  2:15  Mothership Core (Chrono Boost)  
  29  2:21  Pylon  
  29  2:35  Probe (Chrono Boost)  
  30  2:39  Stalker x2  
  34  3:09  Stalker x2  
  38  3:14  Nexus  
  38  3:27  Robotics Facility  
  38  3:34  Pylon  
  38  3:40  Probe (Chrono Boost)  
  37  3:51  Probe (Chrono Boost)  
  37  3:56  Adept x2  
  37  4:02  Probe (Chrono Boost)  
  42  4:12  Probe (Chrono Boost)  
  42  4:15  Pylon  
  43  4:23  Probe (Chrono Boost)  
  44  4:33  Robotics Bay, Probe (Chrono Boost)  
  44  4:34  Probe (Chrono Boost)  
  42  4:40  Warp Prism  
  42  4:45  Probe x2 (Chrono Boost)  
  46  4:48  Sentry  
  48  4:55  Pylon  
  48  4:59  Probe (Chrono Boost)  
  50  5:00  Probe (Chrono Boost)  
  50  5:09  Probe (Chrono Boost)  
  50  5:12  Probe (Chrono Boost)  
  50  5:13  Gravitic Drive  
  52  5:15  Disruptor  
  56  5:21  Probe (Chrono Boost)  
  57  5:29  Probe (Chrono Boost)  
  57  5:30  Twilight Council  
  57  5:33  Probe (Chrono Boost)  
  58  5:39  Zealot, Sentry  
  58  5:41  Probe (Chrono Boost)  
  58  5:42  Assimilator  
  63  5:43  Assimilator  
  63  5:46  Probe (Chrono Boost)  
  64  5:52  Pylon  
  64  5:53  Probe (Chrono Boost)  
  64  5:56  Pylon  
  65  6:00  Probe (Chrono Boost)  
  65  6:01  Disruptor  
  67  6:05  Probe (Chrono Boost)  
  70  6:14  Pylon  
  70  6:15  Probe (Chrono Boost)  
  71  6:19  Forge  
  71  6:21  Gateway  
  71  6:22  Gateway  
  50  6:50  Stalker x2  

Tags
 
Add a new tag
Caveats
  • Supply blocks, unpowered buildings, or Contaminate may cause inaccurate times.
  • Supply counts are checked every 10 seconds.